[Event "*** Titled Tuesday Blitz"]
[Site "Chess.com"]
[Date "2021.03.02"]
[Round "1"]
[White "fabianvivasz"]
[Black "Caracternin123"]
[Result "1-0"]
[WhiteElo "2340"]
[BlackElo "2615"]
[TimeControl "180+1"]
[EndTime "10:04:43 PST"]
[Termination "fabianvivasz won by resignation"]

1. e4 e5 2. Nf3 Nf6 3. Nxe5 Nc6 4. Nxc6 dxc6 5. d3 Bc5 6. Be2 h5 7. c3 Ng4 8. d4 Be7 9. O-O Bd6 10. e5 Qh4 11. Bf4 Be7 12. Nd2 Bd8 13. h3 Nh6 14.
Bg3 Qe7 15. Bxh5 Nf5 16. Bg4 Nxg3 17. fxg3 Qg5 18. Qf3 O-O 19. Ne4 Qg6 20. Bxc8 Rxc8 21. Qf5 Qh6 22. Qxc8 Qe3+ 23. Nf2 Bh4 24. Qg4 Bxg3 25.
Qf3 1-0

[Event "*** Titled Tuesday Blitz"]
[Site "Chess.com"]
[Date "2021.03.02"]
[Round "1"]
[White "Cuajada_Zero"]
[Black "Malev212"]
[Result "0-1"]
[WhiteElo "2250"]
[BlackElo "2562"]
[TimeControl "180+1"]
[EndTime "10:04:44 PST"]
[Termination "Malev212 won by resignation"]

1. d4 d6 2. e4 Nf6 3. f3 g6 4.
Be3 Nbd7 5. c4 Bg7 6. Nc3 O-O 7. Qd2 a6 8. Bd3 c5 9. d5 b5 10. cxb5 Ne5 11. Nge2 Qa5 12. O-O axb5 13. h3 b4 14.
Nd1 Nxd3 15. Qxd3 Ba6 16. Qd2 Nd7 17. f4 Nb6 18. Rf3 Nc4 19. Qc1 Nxb2 20. Nxb2 Bxe2 21. Rf2 Bb5 22. f5 Qa3 23. Bh6 Qc3 24. Bxg7 Qxc1+ 25. Rxc1 Kxg7 26. Nc4 Bxc4 27. Rxc4 f6 28. g4 Ra3 29. Kg2 Rfa8 30. Rcc2 Re3 31. Rce2 Raa3 32. Rxe3 Rxe3 33. Rf4 g5 34. Rf2 Rxe4 0-1

[Event "*** Titled Tuesday Blitz"]
[Site "Chess.com"]
[Date "2021.03.02"]
[Round "1"]
[White "Zemerovv"]
[Black "kikydu96"]
[Result "0-1"]
[WhiteElo "2261"]
[BlackElo "2569"]
[TimeControl "180+1"]
[EndTime "10:04:47 PST"]
[Termination "kikydu96 won by resignation"]

1. d4 Nf6 2. Nf3 g6 3. Nbd2 d5 4. c3 Bg7 5. g3 O-O 6. Bg2 c5 7. O-O Nc6 8. e3 Re8 9. Re1 e5 10. dxe5 Nxe5 11. Nxe5 Rxe5 12. Nf3 Re8 13. Qb3 Rb8 14.
Qa3 Qb6 15. Nd2 Bd7 16. e4 Bc6 17. e5 Ng4 18. Nf3 Nxe5 19. Nxe5 Bxe5 20. Bh6 d4 21. Rad1 Bxg2 22. Kxg2 dxc3 23. bxc3 Qc6+ 24. Kg1 a6 25. Rxe5 Rxe5 26. Bf4 Rbe8 27. Bxe5 Rxe5 28. Rd8+ Kg7 29. Qc1 Qe6 30. Rd1 Qxa2 31. Qf4 Qe6 32. h4 Re1+ 33. Rxe1 Qxe1+ 34. Kg2 Qe6 35. c4 h5 36. Kh2 a5 37.
Qd2 Qxc4 38. Qxa5 Qd4 39. Qe1 c4 40. Kg1 c3 41. Qe2 b5 0-1

[Event "*** Titled Tuesday Blitz"]
[Site "Chess.com"]
[Date "2021.03.02"]
[Round "1"]
[White "GadimbayliA"]
[Black "Romadk"]
[Result "1-0"]
[WhiteElo "2822"]
[BlackElo "2419"]
[TimeControl "180+1"]
[EndTime "10:04:48 PST"]
[Termination "GadimbayliA won by resignation"]

1. e4 Nf6 2. e5 Nd5 3. d4 d6 4.
exd6 cxd6 5. Nf3 g6 6. Bc4 Nb6 7. Bb3 Bg7 8. Ng5 d5 9. O-O O-O 10. c3 Nc6 11. Re1 Bf5 12. Bf4 Na5 13. Nd2 Nxb3 14. axb3 a6 15. b4 Rc8 16. Ngf3 h6 17. h3 g5 18. Be5 Nc4 19. Nxc4 Rxc4 20. Bxg7 Kxg7 21. Ne5 Rc7 22. Ra5 e6 23. Qe2 Qf6 24. Rc5 Rfc8 25. Nd7 Qd8 26. Nb6 Rxc5 27. bxc5 Rc7 28.
f3 Qf6 29. b4 Re7 30. Nxd5 1-0

[Event "*** Titled Tuesday Blitz"]
[Site "Chess.com"]
[Date "2021.03.02"]
[Round "1"]
[White "Konavets"]
[Black "Sergey85Rodchenkov"]
[Result "1-0"]
[WhiteElo "2938"]
[BlackElo "2462"]
[TimeControl "180+1"]
[EndTime "10:04:50 PST"]
[Termination "Konavets won by resignation"]

1. d4 Nf6 2. Nf3 b6 3. Bf4 Bb7 4. e3 g6 5. Nbd2 Bg7 6. Be2 O-O 7. h3 d6 8. O-O Nbd7 9. Bh2 c5 10. c3 Rc8 11. a4 a6 12. Bd3 Rc7 13. Qe2 Qa8 14.
e4 cxd4 15. cxd4 Rcc8 16. Rfe1 Rfe8 17. e5 dxe5 18. dxe5 Nd5 19. e6 Nf8 20. exf7+ Kxf7 21. Be5 Nf6 22. Bc4+ Rxc4 23. Nxc4 N8d7 24. Ng5+ Kf8 25. Bxf6 Nxf6 26. Nxb6 1-0

[Event "*** Titled Tuesday Blitz"]
[Site "Chess.com"]
[Date "2021.03.02"]
[Round "1"]
[White "jaramsdal"]
[Black "davidkalashian"]
[Result "0-1"]
[WhiteElo "2274"]
[BlackElo "2579"]
[TimeControl "180+1"]
[EndTime "10:04:51 PST"]
[Termination "davidkalashian won by resignation"]

1. d4 Nf6 2. c4 e6 3. Nc3 Bb4 4. Qc2 c5 5. dxc5 O-O 6. a3 Bxc5 7. b4 Be7 8. e4 d6 9. Bb2 b6 10. Bd3 Bb7 11. f4 Nbd7 12. Nf3 a6 13. O-O Qc7 14.
Rac1 Rac8 15. Kh1 Rfd8 16. Rfe1 h6 17. Qf2 Nf8 18. Nd1 Ng6 19. e5 dxe5 20. Bxg6 fxg6 21.
Nxe5 Ne4 22. Qe3 Rd2 23. Re2 Rcd8 24. Nf2 Rxe2 25. Qxe2 Rd2 26. Qg4 Nxf2+ 0-1

[Event "*** Titled Tuesday Blitz"]
[Site "Chess.com"]
[Date "2021.03.02"]
[Round "1"]
[White "mikolka1985"]
[Black "Chernov_Mikhail"]
[Result "1-0"]
[WhiteElo "2646"]
[BlackElo "2334"]
[TimeControl "180+1"]
[EndTime "10:04:54 PST"]
[Termination "mikolka1985 won by resignation"]

1. d4 d5 2. c4 c6 3. Nc3 Nf6 4. e3 e6 5. Nf3 Nbd7 6. Qc2 Bd6 7. Be2 dxc4 8. Bxc4 b5 9. Be2 Bb7 10.
O-O O-O 11. a3 Rc8 12. b4 c5 13. bxc5 Nxc5 14. dxc5 Rxc5 15. Bb2 Qc7 16. Qb3 a6 17.
Rac1 Ng4 18. g3 Qc6 19. e4 f5 20. Nd4 Qc7 21. Nxe6 1-0

[Event "*** Titled Tuesday Blitz"]
[Site "Chess.com"]
[Date "2021.03.02"]
[Round "1"]
[White "Bodnar_Mykola"]
[Black "Duhless"]
[Result "0-1"]
[WhiteElo "2476"]
[BlackElo "3077"]
[TimeControl "180+1"]
[EndTime "10:04:56 PST"]
[Termination "Duhless won by resignation"]

1. d4 Nf6 2. c4 e6 3. Nf3 d5 4.
g3 Be7 5. Bg2 O-O 6. O-O dxc4 7.
Qc2 b5 8. a4 b4 9. Nfd2 Nd5 10.
Nxc4 c5 11. Rd1 cxd4 12. Rxd4 Qc7 13. Ne3 Qxc2 14. Nxc2 Nc6 15. Rd1 Ba6 16. Ne3 Rfd8 17. Nxd5 exd5 18. Rxd5 Nd4 19. Be3 Nc2 20. Nd2 Rxd5 21.
Bxd5 Rd8 22. Rc1 Nxe3 0-1

[Event "*** Titled Tuesday Blitz"]
[Site "Chess.com"]
[Date "2021.03.02"]
[Round "1"]
[White "SGchess01"]
[Black "organdzievhren"]
[Result "1-0"]
[WhiteElo "2844"]
[BlackElo "2430"]
[TimeControl "180+1"]
[EndTime "10:04:56 PST"]
[Termination "SGchess01 won by resignation"]

1. e4 e6 2. d4 d5 3. Nc3 dxe4 4. Nxe4 Bd7 5. Nf3 Bc6 6. Bd3 Nd7 7. O-O Be7 8. Ng3 Ngf6 9. Qe2 O-O 10. Ne5 h6 11.
Nxc6 bxc6 12. c3 c5 13. dxc5 Nxc5 14. Bc2 Qd5 15. Rd1 Qc6 16. Be3 Rad8 17. Bd4 Ncd7 18. Bxa7 Nb6 19. Bxb6 Qxb6 20. Ne4 g6 21. Nxf6+ Bxf6 22.
Be4 c5 23. a4 Rb8 24. a5 Qa7 25. a6 Rb6 26. Bb7 Rxb7 27. axb7 Qxb7 28. Rd2 Rb8 29. Rad1 Kg7 30. Qc4 Qb5 31. Qxb5 Rxb5 32. g3 g5 33. Kf1 Be5 34. Ke2 h5 35. Kd3 Ra5 36. Kc4 h4 37. Re2 Bf6 38. Rd7 hxg3 39. hxg3 Kf8 40. Rc7 Be7 41.
Rd2 Ra4+ 42. Kb3 Ra8 43. Rdd7 Rb8+ 44. Kc4 Re8 45. b4 cxb4 46. cxb4 f5 47. b5 1-0

[Event "*** Titled Tuesday Blitz"]
[Site "Chess.com"]
[Date "2021.03.02"]
[Round "1"]
[White "Herman-NY"]
[Black "Sanan_Sjugirov"]
[Result "0-1"]
[WhiteElo "2459"]
[BlackElo "2928"]
[TimeControl "180+1"]
[EndTime "10:04:58 PST"]
[Termination "Sanan_Sjugirov won by resignation"]

1. e4 c5 2. Nf3 d6 3. d4 cxd4 4. Nxd4 Nf6 5. Nc3 a6 6. Bc4 e6 7. a3 Be7 8. Ba2 O-O 9. g4 Nc6 10. g5 Nd7 11. h4 Qb6 12. Nf5 exf5 13. Nd5 Qd8 14. exf5 Nb6 15. f6 Nxd5 16. Bxd5 gxf6 17. Qh5 Qa5+ 18. Kf1 Qxd5 19. Rg1 Bh3+ 0-1

[Event "*** Titled Tuesday Blitz"]
[Site "Chess.com"]
[Date "2021.03.02"]
[Round "1"]
[White "enriquetejedor"]
[Black "politeplayer"]
[Result "1-0"]
[WhiteElo "2539"]
[BlackElo "2221"]
[TimeControl "180+1"]
[EndTime "10:04:58 PST"]
[Termination "enriquetejedor won by resignation"]

1. e4 e5 2. Nf3 Nf6 3. Nxe5 d6 4.
Nc4 Nxe4 5. Qe2 Qe7 6. Ne3 Be6 7. b3 Qf6 8. c3 Be7 9. Qb5+ Nc6 10. Qxb7 Qxf2+ 11. Kd1 Kd7 12. Bb5 Qxe3 13. Qxc6+ Kd8 14.
Qxa8+ Bc8 15. dxe3 Nf2+ 16. Ke2 Nxh1 17. Ba6 Kd7 18. Bxc8+ Rxc8 19. Qf3 Bf6 20. Bb2 Re8 21. Nd2 Bg5 22. Rxh1 1-0

[Event "*** Titled Tuesday Blitz"]
[Site "Chess.com"]
[Date "2021.03.02"]
[Round "1"]
[White "Fiona"]
[Black "Kildepiotr"]
[Result "0-1"]
[WhiteElo "2267"]
[BlackElo "2572"]
[TimeControl "180+1"]
[EndTime "10:04:59 PST"]
[Termination "Kildepiotr won by resignation"]

1. e4 g6 2. d4 Bg7 3. Be3 c6 4. Nf3 d6 5. c3 Nf6 6. Bd3 O-O 7. O-O Nbd7 8. h3 e5 9. Qd2 Qe7 10. dxe5 dxe5 11. Bh6 Nc5 12. Bxg7 Kxg7 13. Qe3 Nxd3 14.
Qxd3 Nh5 15. c4 Nf4 16. Qc3 f6 17. Nbd2 Rd8 18. Rad1 Rd3 19. Qc2 Be6 20. Nb3 Rad8 21. Rxd3 Rxd3 22. Rd1 Rxd1+ 23. Qxd1 Bxc4 24. Nbd2 Qd6 25. Qc2 Bf7 26. Nf1 Qd3 27. Ne3 Qxc2 28. Nxc2 Bxa2 29. Nd2 Be6 30. Kh2 Nd3 31. Ne3 Nxb2 0-1

[Event "*** Titled Tuesday Blitz"]
[Site "Chess.com"]
[Date "2021.03.02"]
[Round "1"]
[White "Buryshin_Vasyl"]
[Black "KonstantinB_1983"]
[Result "0-1"]
[WhiteElo "2228"]
[BlackElo "2545"]
[TimeControl "180+1"]
[EndTime "10:04:59 PST"]
[Termination "KonstantinB_1983 won by checkmate"]

1. b3 e5 2. Bb2 Nc6 3. e3 a6 4.
Ne2 d5 5. f4 Bd6 6. d3 Nf6 7.
Nd2 O-O 8. fxe5 Bxe5 9. Bxe5 Nxe5 10. Nd4 c5 11. N4f3 Neg4 12. e4 Re8 13. Be2 Ne3 14. Qc1 dxe4 15. dxe4 Nxg2+ 16. Kf1 Ne3+ 17. Ke1 Nxe4 18.
Nxe4 Rxe4 19. Rg1 Ng4 20. Qb2 Qe7 21. Kf1 Rxe2 22. h3 Rf2# 0-1

[Event "*** Titled Tuesday Blitz"]
[Site "Chess.com"]
[Date "2021.03.02"]
[Round "1"]
[White "Rsnr"]
[Black "Deepweb2020"]
[Result "1-0"]
[WhiteElo "2775"]
[BlackElo "2407"]
[TimeControl "180+1"]
[EndTime "10:05:00 PST"]
[Termination "Rsnr won by resignation"]

1. d4 Nf6 2. c4 e6 3. Nf3 Bb4+ 4. Nbd2 b6 5. a3 Bxd2+ 6. Qxd2 Bb7 7. e3 O-O 8. b4 d6 9. Be2 Nbd7 10. O-O Qe7 11.
Bb2 Rfc8 12. a4 c5 13. dxc5 dxc5 14. b5 a6 15. Rfd1 axb5 16. axb5 Rxa1 17. Bxa1 Be4 18. Ne5 Nxe5 19. Bxe5 Qb7 20. f3 Bg6 21. Qd8+ Ne8 22. Qd7 Qxd7 23. Rxd7 f6 24. Bg3 e5 25. Rb7 Rd8 26.
Rxb6 Rd2 27. Kf1 Nd6 28. Be1 1-0

[Event "*** Titled Tuesday Blitz"]
[Site "Chess.com"]
[Date "2021.03.02"]
[Round "1"]
[White "Ali-Farahat"]
[Black "Aleksey_Sorokin"]
[Result "0-1"]
[WhiteElo "2407"]
[BlackElo "2776"]
[TimeControl "180+1"]
[EndTime "10:05:03 PST"]
[Termination "Aleksey_Sorokin won by resignation"]

1. e4 c6 2. d4 d5 3. exd5 cxd5 4. Bd3 Nc6 5. c3 Nf6 6. Bf4 Bg4 7. Qb3 Qc8 8. Nd2 e6 9. Ngf3 Be7 10. O-O Bh5 11. Rae1 Bg6 12. Bxg6 hxg6 13. Re3 Nh5 14. Bg3 Nxg3 15. hxg3 Qd7 16. Rfe1 Rh5 17. g4 Rh7 18. c4 O-O-O 19. Rc3 Rdh8 20. Kf1 Kb8 21. cxd5 exd5 22. g3 Bb4 23. Rxc6 Rh1+ 24. Kg2 Rxe1 25. Nxe1 Bxd2 26. Nf3 Qxc6 27. Nxd2 Qe6 28. Nf1 Qe4+ 0-1

[Event "*** Titled Tuesday Blitz"]
[Site "Chess.com"]
[Date "2021.03.02"]
[Round "1"]
[White "Frogo47"]
[Black "Aisen1011"]
[Result "1-0"]
[WhiteElo "2530"]
[BlackElo "2192"]
[TimeControl "180+1"]
[EndTime "10:05:04 PST"]
[Termination "Frogo47 won by resignation"]

1. d4 d5 2. c4 c6 3. Nf3 Nf6 4.
Nc3 dxc4 5. e4 b5 6. Be2 e6 7. O-O b4 8. Na4 Nxe4 9. Bxc4 a5 10. Re1 Nd6 11. Bb3 Be7 12. Bf4 O-O 13. Rc1 Ba6 14. Nc5 Bb5 15. Ne5 Nf5 16. Nxf7 Rxf7 17. Nxe6 Qd7 18. Nc7 Ra7 19. Be6 Qxd4 20. Nxb5 cxb5 21. Bxb8 1-0

[Event "*** Titled Tuesday Blitz"]
[Site "Chess.com"]
[Date "2021.03.02"]
[Round "1"]
[White "GameOverBro"]
[Black "tgpgoat"]
[Result "1-0"]
[WhiteElo "2505"]
[BlackElo "2102"]
[TimeControl "180+1"]
[EndTime "10:05:04 PST"]
[Termination "GameOverBro won by checkmate"]

1. e4 c5 2. Ne2 Nc6 3. Nbc3 e6 4. d4 cxd4 5. Nxd4 Qc7 6. g3 a6 7. Bg2 Nf6 8. O-O Be7 9. Nce2 O-O 10. b3 d6 11. Bb2 e5 12. Nf5 Bxf5 13. exf5 Rfd8 14. c4 Qc8 15. Qb1 d5 16. cxd5 Nxd5 17. a3 Bf6 18. b4 Nde7 19. g4 h5 20. h3 hxg4 21. hxg4 Nd4 22.
Nxd4 exd4 23. Qd3 Nc6 24. Rac1 Qd7 25. f4 g5 26. fxg6 Qxg4 27. gxf7+ Kxf7 28. Qh7+ Bg7 29. f5 Rh8 30. Qg6+ Qxg6 31. fxg6+ Kxg6 32. Bxc6 bxc6 33. Rxc6+ Kh7 34. Rf7 Rhg8 35. Bxd4 Kh8 36. Rh6# 1-0

[Event "*** Titled Tuesday Blitz"]
[Site "Chess.com"]
[Date "2021.03.02"]
[Round "1"]
[White "Galileo22"]
[Black "BrandonJacobson"]
[Result "0-1"]
[WhiteElo "2416"]
[BlackElo "2803"]
[TimeControl "180+1"]
[EndTime "10:05:06 PST"]
[Termination "BrandonJacobson won by resignation"]

1. Nf3 d5 2. g3 Nd7 3. Bg2 e5 4.
d3 Ngf6 5. O-O c6 6. c4 Bd6 7.
cxd5 cxd5 8. Nc3 O-O 9. e4 d4 10. Ne2 Nc5 11. b4 Ncd7 12. Qb3 a5 13. Bd2 axb4 14.
Bxb4 Bxb4 15. Qxb4 Qa5 16. a3 b6 17. Rfd1 Ba6 18.
Nh4 Nc5 19. Qb1 g6 20. f4 Ng4 21. fxe5 Ne3 22. Nxd4 Nxd1 23. Qxd1 Nxd3 24. Nc6 Qc5+ 0-1

[Event "*** Titled Tuesday Blitz"]
[Site "Chess.com"]
[Date "2021.03.02"]
[Round "1"]
[White "Chernov_Alexander_A"]
[Black "Jungle_Jaguar"]
[Result "0-1"]
[WhiteElo "2298"]
[BlackElo "2603"]
[TimeControl "180+1"]
[EndTime "10:05:06 PST"]
[Termination "Jungle_Jaguar won by resignation"]

1. e4 c5 2. Nf3 d6 3. c3 Nf6 4.
Bd3 Nc6 5. O-O Bg4 6. Re1 e6 7.
h3 Bxf3 8. Qxf3 Be7 9. Bc2 O-O 10. d3 Rc8 11. Nd2 Ne5 12. Qe2 Ng6 13. Nf1 Qc7 14. Bd2 Rfd8 15. Rad1 b5 16. Bb1 Qb6 17.
Kh1 a5 18. f4 Re8 19. Nh2 b4 20. Be3 bxc3 21. bxc3 Rb8 22. d4 Qc6 23. dxc5 dxc5 24. c4 a4 25. e5 Ne4 26. Qf3 Rxb1 27. Rxb1 Nh4 28. Qg4 h5 29. Qd1 Ng3+ 0-1

[Event "*** Titled Tuesday Blitz"]
[Site "Chess.com"]
[Date "2021.03.02"]
[Round "1"]
[White "Majesth"]
[Black "Michaelson_11"]
[Result "1-0"]
[WhiteElo "2579"]
[BlackElo "2273"]
[TimeControl "180+1"]
[EndTime "10:05:06 PST"]
[Termination "Majesth won by resignation"]

1. d4 Nf6 2. Nc3 g6 3. e4 Bg7 4. e5 Ng8 5. f4 d6 6. Nf3 Bg4 7. Be3 e6 8. h3 Bxf3 9. Qxf3 Ne7 10.
Qxb7 Nd7 11. Qf3 Rb8 12. b3 Nf5 13. Bf2 c5 14. dxc5 dxe5 15. Rd1 exf4 16. c6 Qa5 17.
cxd7+ Ke7 18. Rd3 Ne3 19. Bxe3 Bxc3+ 20. Bd2 Bxd2+ 21. Rxd2 Rb4 22. c3 Rb5 23. Bxb5 1-0

[Event "*** Titled Tuesday Blitz"]
[Site "Chess.com"]
[Date "2021.03.02"]
[Round "1"]
[White "Grandelicious"]
[Black "Kozok"]
[Result "1-0"]
[WhiteElo "2855"]
[BlackElo "2439"]
[TimeControl "180+1"]
[EndTime "10:05:11 PST"]
[Termination "Grandelicious won by resignation"]

1. d4 Nf6 2. c4 e6 3. Nc3 d5 4. Bg5 Bb4 5. e3 h6 6. Bh4 g5 7. Bg3 Ne4 8. Ne2 h5 9. f3 Nxg3 10. hxg3 Qf6 11. Qa4+ Nc6 12. a3 Bxc3+ 13. Nxc3 dxc4 14.
Bxc4 Bd7 15. Qc2 O-O-O 16. O-O-O Ne7 17. Ne4 Qg6 18. Bd3 Qg7 19. Qc5 Nc6 20. Qxg5 Rdg8 21. Qxg7 Rxg7 22. g4 f5 23. gxf5 exf5 24. Nc5 Ne7 25.
Rh2 h4 26. Rdh1 Rhg8 27. Bc4 Rf8 28. Be6 Bxe6 29. Nxe6 Rfg8 30. Nxg7 Rxg7 31. Rg1 Ng6 32. g3 1-0

[Event "*** Titled Tuesday Blitz"]
[Site "Chess.com"]
[Date "2021.03.02"]
[Round "1"]
[White "BahadirOzen"]
[Black "lucachess49"]
[Result "1-0"]
[WhiteElo "2794"]
[BlackElo "2415"]
[TimeControl "180+1"]
[EndTime "10:05:12 PST"]
[Termination "BahadirOzen won by resignation"]

1. g3 g6 2. Bg2 Bg7 3. d4 e6 4.
e4 Ne7 5. Ne2 O-O 6. O-O d6 7.
c4 b6 8. Nbc3 Bb7 9. Be3 Nd7 10.
Qd2 f5 11. Nf4 Rf6 12. e5 dxe5 13. dxe5 Nxe5 14. Qxd8+ Rxd8 15. Bxb7 Nxc4 16. Rad1 Rb8 17. Rd7 Bf8 18. Rxc7 Nxe3 19. fxe3 e5 20. Nfd5 Nxd5 21. Bxd5+ Kh8 22. Ne4 Bd6 23. Rd7 1-0

[Event "*** Titled Tuesday Blitz"]
[Site "Chess.com"]
[Date "2021.03.02"]
[Round "1"]
[White "Rap_woyska"]
[Black "svilson23"]
[Result "1-0"]
[WhiteElo "2558"]
[BlackElo "2248"]
[TimeControl "180+1"]
[EndTime "10:05:12 PST"]
[Termination "Rap_woyska won by resignation"]

1. c4 e5 2. Nc3 g6 3. Nf3 Bg7 4. d4 exd4 5. Nxd4 Ne7 6. g3 Nbc6 7. Nxc6 Nxc6 8. Bg2 O-O 9. O-O d6 10. Qd2 Rb8 11. b3 a6 12. Bb2 Ne7 13. Ne4 f6 14. Rad1 b5 15. c5 d5 16. c6 Rb6 17. Nc3 Be6 18. e4 d4 19. Nd5 Rxc6 20. Qxd4 Rd6 21.
Ba3 f5 22. Bxd6 Bxd4 23. Bxe7 Qd7 24. Rxd4 Bxd5 25. Bxf8 Kxf8 26. Rxd5 1-0

[Event "*** Titled Tuesday Blitz"]
[Site "Chess.com"]
[Date "2021.03.02"]
[Round "1"]
[White "1800_strength"]
[Black "Na_binci"]
[Result "1-0"]
[WhiteElo "2509"]
[BlackElo "2143"]
[TimeControl "180+1"]
[EndTime "10:05:12 PST"]
[Termination "1800_strength won on time"]

1. Nc3 g6 2. e4 Bg7 3. f4 c5 4. Nf3 d6 5. Bc4 Nc6 6. O-O Nf6 7. d3 O-O 8. Be3 Ng4 9. Bd2 Nd4 10. h3 Nf6 11.
Nxd4 cxd4 12. Ne2 d5 13. exd5 Nxd5 14. Bb3 a5 15. a4 e6 16. Qe1 b6 17. Ng3 Bb7 18. Ne4 Rc8 19. g4 Ne7 20. Ng5 Bd5 21. Bxd5 Nxd5 22. f5 exf5 23. gxf5 Ne3 24. Bxe3 dxe3 25.
Ne4 Rxc2 26. f6 Bh6 27. Qh4 e2 28. Qxh6 exf1=Q+ 29.
Rxf1 Qd4+ 30. Kh1 1-0

[Event "*** Titled Tuesday Blitz"]
[Site "Chess.com"]
[Date "2021.03.02"]
[Round "1"]
[White "JQuiroga18"]
[Black "Parhamov"]
[Result "0-1"]
[WhiteElo "2442"]
[BlackElo "2886"]
[TimeControl "180+1"]
[EndTime "10:05:19 PST"]
[Termination "Parhamov won by resignation"]

1. e4 c5 2. Nf3 Nc6 3. d4 cxd4 4. Nxd4 Nf6 5. Nc3 d6 6. Bg5 e6 7. Qd2 a6 8. O-O-O Bd7 9. Kb1 Be7 10. f4 b5 11. Be2 b4 12. Bxf6 Bxf6 13. Nxc6 Bxc6 14. Nd5 exd5 15. exd5 Bd7 16. Qxb4 O-O 17. Qxd6 Rb8 18. b3 Qa5 19. Rd3 Bb5 20. Rg3 Rb6 21. Qc5 Re8 22.
Bxb5 axb5 23. d6 Ra8 0-1

[Event "*** Titled Tuesday Blitz"]
[Site "Chess.com"]
[Date "2021.03.02"]
[Round "1"]
[White "night_player"]
[Black "Hypercar"]
[Result "0-1"]
[WhiteElo "2197"]
[BlackElo "2530"]
[TimeControl "180+1"]
[EndTime "10:05:19 PST"]
[Termination "Hypercar won by resignation"]

1. e4 c5 2. c3 d6 3. d4 Nf6 4. Bd3 cxd4 5. cxd4 e5 6. Nf3 Nc6 7. Be3 Bg4 8. d5 Ne7 9. O-O a6 10. Nbd2 Ng6 11. h3 Bd7 12. Qb3 b5 13. Rac1 Be7 14.
Rc2 O-O 15. Rfc1 Nh5 16. Bf1 Nhf4 17. Qc3 f5 18. Bxf4 Nxf4 19. Qc7 fxe4 20. Nxe4 Bf5 21. Nfd2 Nxd5 22. Qxd8 Raxd8 23. a4 Nf6 24. Nxf6+ Bxf6 25. Rc6 bxa4 26. Rxa6 d5 27. Rxa4 Bg5 28. Nb3 Bxc1 29. Nxc1 d4 30. Nd3 e4 31. Nc5 d3 32. Ra1 d2 33.
Rd1 e3 34. fxe3 Bc2 35. Be2 Bxd1 36. Bxd1 Rc8 37. Nd3 Rc1 0-1

[Event "*** Titled Tuesday Blitz"]
[Site "Chess.com"]
[Date "2021.03.02"]
[Round "1"]
[White "chesslh19"]
[Black "bazar-wokzal"]
[Result "1/2-1/2"]
[WhiteElo "2251"]
[BlackElo "2544"]
[TimeControl "180+1"]
[EndTime "10:05:21 PST"]
[Termination "Game drawn by repetition"]

1. e4 Nc6 2. Nf3 d5 3. exd5 Qxd5 4. Nc3 Qa5 5. Bb5 Nf6 6. d4 Bg4 7. h3 Bh5 8. g4 Bg6 9. Ne5 O-O-O 10. Bxc6 bxc6 11. Nxc6 Qa6 12. Nxd8 Kxd8 13. Qe2 Qb7 14. f3 e6 15. O-O Bb4 16. Qb5 Qxb5 17. Nxb5 a6 18. c3 axb5 19. cxb4 Nd5 20. Bd2 Kd7 21. a4 bxa4 22. Rxa4 Rb8 23. Rfa1 h5 24. Ra8 Rb6 25. R8a6 Rb8 26. Ra8 Rb6 27. R8a6 Rb8 28. R6a4 hxg4 29.
hxg4 Rb6 30. Kg2 Rc6 31. Rc1 Rb6 32. Rca1 Rc6 33. Rc1 Rb6 34. Rca1 1/2-1/2

[Event "*** Titled Tuesday Blitz"]
[Site "Chess.com"]
[Date "2021.03.02"]
[Round "1"]
[White "Skatchkov_V"]
[Black "Heretoflag"]
[Result "1-0"]
[WhiteElo "2613"]
[BlackElo "2304"]
[TimeControl "180+1"]
[EndTime "10:05:23 PST"]
[Termination "Skatchkov_V won on time"]

1. c4 e5 2. Nc3 Nc6 3. g3 Bc5 4. Bg2 d6 5. e3 a6 6. Nge2 Ba7 7.
O-O h5 8. h3 h4 9. g4 f5 10.
Qc2 Nge7 11. f3 Be6 12. b3 Qd7 13. Bb2 O-O-O 14. Kh1 g6 15. Rad1 d5 16. cxd5 Nxd5 17. Nxd5 Bxd5 18. d4 exd4 19. Nxd4 Nxd4 20. Bxd4 Bxd4 21.
Rxd4 Qc6 22. Qf2 fxg4 23. Rxg4 1-0

[Event "*** Titled Tuesday Blitz"]
[Site "Chess.com"]
[Date "2021.03.02"]
[Round "1"]
[White "Trankuilizer"]
[Black "Godzillator"]
[Result "0-1"]
[WhiteElo "2553"]
[BlackElo "2290"]
[TimeControl "180+1"]
[EndTime "10:05:25 PST"]
[Termination "Godzillator won on time"]

1. e4 c6 2. d4 d5 3. exd5 cxd5 4. c4 Nf6 5. Nc3 e6 6. Nf3 Bb4 7. cxd5 Nxd5 8. Bd2 Nc6 9. Bd3 O-O 10. O-O Be7 11. Qe2 Ncb4 12. Be4 Nf6 13. Bb1 b6 14. a3 Nbd5 15. Ba2 Bb7 16. Rad1 Rc8 17. Rfe1 Re8 18.
Ne5 Bf8 19. h4 Nxc3 20. Bxc3 Nd5 21. h5 Nxc3 22. bxc3 Qg5 23. f3 Rxc3 24. h6 Rxa3 25.
Nxf7 Kxf7 26. Bxe6+ Kf6 27. Qb2 Rxe6 28. d5+ Re5 29. d6 Bxf3 30. d7 Be7 0-1

[Event "*** Titled Tuesday Blitz"]
[Site "Chess.com"]
[Date "2021.03.02"]
[Round "1"]
[White "Supernotar"]
[Black "gympod"]
[Result "1-0"]
[WhiteElo "2675"]
[BlackElo "2352"]
[TimeControl "180+1"]
[EndTime "10:05:28 PST"]
[Termination "Supernotar won by resignation"]

1. d4 Nf6 2. c4 e6 3. Nf3 Bb4+ 4. Nbd2 d5 5. Qc2 O-O 6. g3 a6 7. Bg2 dxc4 8. Qxc4 Be7 9. O-O b5 10. Qb3 Bb7 11.
a4 b4 12. Nc4 a5 13. Bf4 Nbd7 14. Rac1 Nd5 15. Rfd1 Nxf4 16. gxf4 Nf6 17. Nce5 Bd6 18.
e3 Bd5 19. Qd3 Qc8 20. Nd2 Bxg2 21. Kxg2 Qb7+ 22. f3 Rfd8 23. Nb3 Bxe5 24. fxe5 Nd5 25. Rc5 Nb6 26. Qb5 g5 27. h3 Rd5 28. Rdc1 1-0

[Event "*** Titled Tuesday Blitz"]
[Site "Chess.com"]
[Date "2021.03.02"]
[Round "1"]
[White "zajka-molotok"]
[Black "nicolevalladar"]
[Result "1-0"]
[WhiteElo "2481"]
[BlackElo "1824"]
[TimeControl "180+1"]
[EndTime "10:05:29 PST"]
[Termination "zajka-molotok won on time"]

1. b4 g6 2. Bb2 Nf6 3. e3 Bg7 4. Nf3 O-O 5. Be2 c6 6. O-O d5 7. c4 Nbd7 8. Nc3 dxc4 9. Bxc4 Qc7 10. d4 Nb6 11. Bb3 Bg4 12. h3 Bf5 13. Rc1 Rad8 14.
Qe2 Rfe8 15. e4 Bc8 16. Rfd1 Nh5 17. b5 Nf4 18. Qe3 Bh6 19. Qe1 Nxh3+ 20. gxh3 Bxh3 21. Ne5 Kh8 22. Nxf7+ Kg7 23. Nxh6 Qf4 24. Qe3 1-0

[Event "*** Titled Tuesday Blitz"]
[Site "Chess.com"]
[Date "2021.03.02"]
[Round "1"]
[White "As0nchess"]
[Black "BvsN"]
[Result "1-0"]
[WhiteElo "2605"]
[BlackElo "2299"]
[TimeControl "180+1"]
[EndTime "10:05:33 PST"]
[Termination "As0nchess won by resignation"]

1. e4 c5 2. Nf3 e6 3. d4 cxd4 4. Nxd4 a6 5. c4 Nf6 6. Nc3 Qc7 7.
Be2 Bb4 8. Nc2 Be7 9. f4 d6 10. O-O Nbd7 11. Qd3 b6 12. b4 Bb7 13. Bb2 O-O 14.
Rac1 Rac8 15. a3 Qb8 16. g4 Qa8 17. Bf3 g5 18. e5 Bxf3 19. exf6 Bxf6 20. Rxf3 gxf4 21.
Rh3 Rfe8 22. Qxh7+ Kf8 23. Qd3 Qc6 24. Nd4 Qc7 25. Ne4 Bg7 26. Nxe6+ Rxe6 27. Bxg7+ Kxg7 28. Ng5 Rg6 29. Rh7+ Kg8 30. Rxf7 Ne5 31. Rxc7 Rxc7 32. Qd5+ 1-0